 Dungeon Crawl Stone Soup version 0.20.0-10-g0535bb4 (webtiles) character file.

45297 dobroeutro the Severer (level 14, -9/138 HPs)
             Began as a Minotaur Fighter on June 3, 2017.
             Was the Champion of Okawaru.
             Mangled by a sixfirhy (10 damage)
             ... summoned by an orc high priest
             ... on level 2 of the Orcish Mines.
             The game lasted 00:39:26 (18490 turns).

dobroeutro the Severer (Minotaur Fighter)          Turns: 18490, Time: 00:39:27

Health: -9/138     AC: 16    Str: 25    XL:     14   Next: 0%
Magic:  0/11       EV: 16    Int:  5    God:    Okawaru [******]
Gold:   2513       SH: 13    Dex: 14    Spells: 13/13 levels left

rFire    + . .     SeeInvis .   O - +2 broad axe
rCold    . . .     Gourm    .   c - +0 shield
rNeg     . . .     Faith    .   W - +0 scale mail
rPois    +         Spirit   +   e - +2 hat
rElec    .         Reflect  .   q - +0 cloak
rCorr    .         Harm     .   b - +1 pair of gloves {Dex+3}
MR       +....                  a - +0 pair of boots {run}
Stlth    ..........             K - amulet of guardian spirit
Regen    0.4/turn               D - ring of protection from cold
MPRegen  0.2/turn               N - ring of fire

@: drained, quick
A: retaliatory headbutt, hooves 1, horns 2, blurry vision 1, low mp 1, sense
surroundings 1, poison resistance, robust 1, wild magic 2
a: Heroism, Finesse, Renounce Religion


You were on level 2 of the Orcish Mines.
You worshipped Okawaru.
Okawaru was exalted by your worship.
You were not hungry.

You visited 2 branches of the dungeon, and saw 16 of its levels.
You also visited: Labyrinth, Sewer and Bailey.

You collected 2513 gold pieces.

Inventory:

Hand Weapons
 O - a +2 broad axe (weapon)
 Z - the +4 flail of the Wilderness {drain, Stlth+}
   (You found it in a labyrinth)

   A truly terrible weapon, it drains the life of those it strikes.
   It makes you more stealthy.
Armour
 a - a +0 pair of boots of running (worn)
 b - a +1 pair of gloves of dexterity (worn)
 c - a +0 shield (worn)
 e - a +2 hat (worn)
 q - a +0 cloak (worn)
 H - a +2 pair of boots of flying
 W - a +0 scale mail (worn)
Jewellery
 D - a ring of protection from cold (left hand)
 F - an uncursed ring of positive energy
 K - an amulet of guardian spirit (around neck)
 N - a ring of fire (right hand)
 U - an uncursed ring of protection from cold
 V - an uncursed ring of resist corrosion
Wands
 x - a wand of lightning (10/15)
 C - a wand of iceblast (3/15)
 J - a wand of random effects (17/48)
 S - a wand of lightning (9/15)
 T - a wand of digging (10/24)
 X - a wand of polymorph (12/24)
 Y - a wand of acid (5/15)
Scrolls
 h - 3 scrolls of magic mapping
 i - 7 scrolls of blinking
 j - 15 scrolls of identify
 p - 6 scrolls of amnesia
 t - 3 scrolls of fear
 v - 6 scrolls of teleportation
 y - 2 scrolls of fog
 E - 5 scrolls of remove curse
 I - 2 scrolls of immolation
 R - 3 scrolls of recharging
Potions
 d - a potion of might
 k - 4 potions of brilliance
 l - 2 potions of agility {unknown}
 m - a potion of resistance {unknown}
 n - a potion of ambrosia {unknown}
 s - 3 potions of curing
 u - 3 potions of mutation {unknown}
 w - 2 potions of heal wounds
 A - 11 potions of degeneration
 B - 2 potions of magic {unknown}
 L - a potion of flight {unknown}
 M - a potion of cancellation {unknown}
 P - a potion of invisibility {unknown}
 Q - a potion of haste {unknown}
Comestibles
 f - 16 bread rations
 g - 2 royal jellies
 o - 14 fruits
 r - 4 meat rations


   Skills:
 + Level 12.1(12.0) Fighting
 * Level 17.3 Axes
 + Level 11.7 Armour
 + Level 10.5 Dodging
 + Level 12.0(11.9) Shields


You had 13 spell levels left.
You didn't know any spells.

Dungeon Overview and Level Annotations

Branches:
Dungeon (14/15)            Temple (0/1) D:7            Lair (0/6) D:11
    Orc (2/2) D:9             Elf (0/3) Orc:2        Vaults (0/5) D:13

Altars:
Ashenzari
Dithmenos
Fedhas
Nemelex Xobeh
Okawaru
Sif Muna
Xom
The Shining One
Beogh

Shops:
D:6 *   D:7 }   D:9 ?   D:11 !

Annotations:
D:9 exclusions: 3 doors and 1 more exclusion


Innate Abilities, Weirdness & Mutations

You reflexively headbutt those who attack you in melee.
You have a pair of horns on your head.
You have large cloven feet.
Scrolls take you a little longer to read.
Your magical capacity is low. (-10% MP)
You passively map a small area around you.
Your system is resistant to poisons. (rPois)
You are robust. (+10% HP)
Your spells are harder to cast, but more powerful.


Message History

Unknown command.
It was a potion of heal wounds.
You feel much better.
You don't have enough magic at the moment.
You don't have enough magic at the moment.
You closely miss the orc high priest.
The orc high priest is severely wounded.
You hit the sixfirhy. You closely miss the sixfirhy.
The orc high priest mumbles some strange prayers to Beogh against you.
Beogh smites you!
* * * LOW HITPOINT WARNING * * *
Unknown command.
You hit the orc high priest but do no damage.
You headbutt the orc high priest.
The orc high priest is severely wounded.
You miss the sixfirhy. You closely miss the sixfirhy.
The sixfirhy barely misses you. You block the sixfirhy's attack. x2
The sixfirhy hits you!
* * * LOW HITPOINT WARNING * * *
The sixfirhy shocks you!
You die...

##.#.............# ,
#...#...........##
#........[.##.## ,
##.##......#...# #.#,
#........#.## .#..#,
###.........### ,....#
##..........[))#######>...#,
##...........<)o.##.##.....#
##...........[.@3.[.......#.#
#.........####[.3.##........#
##......#.## ##....#..#...#.#
#.........###)...##......#.##
##.<.....#.#..[...##..)..#..##
#.......#.......####........##
##.............## ##.........
#......<......# ##..).....
##...........## ##.......


You could see an orc high priest and 2 sixfirhies.

Vanquished Creatures
  Saint Roka (Orc:2)
  Gastronok (Orc:1)
  A stone giant (Orc:1)
  Azrael (D:12)
  A minotaur (Lab)
  Josephine (Orc:2)
  A vault guard (D:13)
  A catoblepas (D:13)
  3 centaur warriors (D:14)
  9 two-headed ogres
  3 orc high priests (Orc:2)
  3 unseen horrors
  The ghost of dobroeutro the Basher, a novice GrFi of Okawaru (D:7)
  An orc knight (Orc:1)
  3 orc sorcerers
  2 ugly things
  A wolf spider (D:12)
  A manticore (D:13)
  A cyclops (Orc:1)
  2 centaur zombies
  A gargoyle (D:10)
  2 kobold demonologists (D:13)
  A komodo dragon (D:14)
  A rime drake (shapeshifter) (D:13)
  A troll (shapeshifter) (D:13)
  3 trolls
  Grinder (D:5)
  Prince Ribbit (D:7)
  A hornet (D:13)
  A slime creature (D:13)
  2 hippogriffs
  A spriggan (D:7)
  2 shadows (Lab)
  4 wraiths
  2 fire elementals (D:12)
  2 basilisks (D:13)
  9 yaks
  2 hungry ghosts
  A soldier ant (D:11)
  4 wargs
  2 water moccasins
  An acid dragon (D:13)
  4 ice beasts
  2 hell hounds (D:12)
  27 orc warriors
  A swamp drake (D:9)
  3 sky beasts
  3 black bears
  4 wolves (D:8)
  An eye of draining (D:12)
  4 phantoms
  10 ogres
  9 centaurs
  A crocodile (D:14)
  4 big kobolds
  8 bullfrogs
  11 gnoll sergeants
  An earth elemental (Lab)
  4 scorpions
  6 wights (D:8)
  9 killer bees
  3 electric eels (D:8)
  3 howler monkeys
  9 crimson imps
  A bullfrog skeleton (D:11)
  7 hounds
  6 gnoll shamans (Bailey)
  A quasit (D:8)
  31 orc priests
  2 jellies
  3 centaur skeletons
  3 iguanas
  28 orc wizards
  12 worker ants
  A killer bee zombie (D:7)
  3 hound skeletons
  A howler monkey zombie (D:9)
  A killer bee simulacrum (D:8)
  27 gnolls
  9 adders
  7 river rats (Sewer)
  A hound simulacrum (D:8)
  2 shadow imps
  An ufetubus (D:8)
  2 oozes
  An adder skeleton (D:4)
  2 adder zombies
  4 worms
  3 dart slugs
  4 leopard geckos
  100 orcs
  6 giant cockroaches
  12 goblins
  10 hobgoblins
  8 jackals
  24 kobolds
  3 quokkas
  6 ball pythons
  9 bats
  12 frilled lizards
  A jackal skeleton (D:8)
  A leopard gecko zombie (D:6)
  12 rats
577 creatures vanquished.

Vanquished Creatures (others)
  An orc knight (Orc:2)
  An orc warrior (Orc:1)
  2 orc wizards (D:9)
  An orc (D:9)
5 creatures vanquished.

Grand Total: 582 creatures vanquished

Notes
Turn   | Place    | Note
-------+----------+-------------------------------------------
     0 | D:1      | dobroeutro the Minotaur Fighter began the quest for the Orb.
     0 | D:1      | Reached XP level 1. HP: 19/19 MP: 0/0
    70 | D:1      | Reached skill level 3 in Axes
    78 | D:1      | Reached XP level 2. HP: 16/26 MP: 1/1
   252 | D:1      | Reached skill level 4 in Axes
   682 | D:1      | Reached XP level 3. HP: 31/31 MP: 2/2
   936 | D:2      | Reached skill level 5 in Axes
   958 | D:2      | Reached XP level 4. HP: 33/39 MP: 3/3
  1617 | D:3      | Found a shimmering altar of Xom.
  1911 | D:3      | Reached skill level 6 in Axes
  2058 | D:3      | Reached XP level 5. HP: 32/45 MP: 4/4
  2160 | D:4      | Reached skill level 7 in Axes
  2187 | D:4      | Found a glowing drain.
  2191 | Sewer    | Entered a sewer
  2464 | Sewer    | Reached XP level 6. HP: 45/51 MP: 5/5
  2743 | D:4      | Reached skill level 8 in Axes
  2887 | D:3      | Reached skill level 9 in Axes
  2991 | D:4      | Reached XP level 7. HP: 50/58 MP: 6/6
  3434 | D:5      | Entered Level 5 of the Dungeon
  3444 | D:5      | Reached skill level 1 in Dodging
  3452 | D:5      | Identified Koniunoa's Tome of Dislocation and Stones
  3509 | D:5      | Noticed Grinder
  3519 | D:5      | Killed Grinder
  3546 | D:5      | Reached XP level 8. HP: 55/67 MP: 7/7
  3633 | D:5      | Reached skill level 10 in Axes
  3633 | D:5      | Reached skill level 5 in Armour
  3637 | D:5      | Reached skill level 5 in Shields
  3682 | D:5      | Reached skill level 5 in Fighting
  4358 | D:6      | Reached XP level 9. HP: 33/75 MP: 8/8
  4579 | D:6      | Found an iron altar of Okawaru.
  4603 | D:6      | Became a worshipper of Warmaster Okawaru
  4626 | D:6      | Found Qasi's Assorted Antiques.
  4882 | D:6      | Reached skill level 11 in Axes
  5248 | D:7      | Noticed a two-headed ogre
  5256 | D:7      | Killed a two-headed ogre
  5256 | D:7      | Reached * piety under Okawaru
  5325 | D:7      | Reached skill level 5 in Dodging
  5333 | D:7      | Noticed dobroeutro's ghost (novice GrFi)
  5336 | D:7      | Noticed Prince Ribbit
  5627 | D:7      | Killed dobroeutro's ghost
  5627 | D:7      | Reached skill level 12 in Axes
  5663 | D:7      | HP: 5/118 [poisoned by a kobold]
  5668 | D:7      | Killed Prince Ribbit
  5668 | D:7      | Reached ** piety under Okawaru
  5668 | D:7      | Reached XP level 10. HP: 7/86 MP: 2/9
  5669 | D:7      | HP: 6/129 [poisoned by a kobold]
  6200 | D:7      | Found Juluh's Quality Used Wands.
  6486 | D:7      | Found a staircase to the Ecumenical Temple.
  6762 | D:8      | Found a flagged portal.
  6797 | Bailey   | Entered a bailey
  6986 | Bailey   | Reached *** piety under Okawaru
  7403 | D:8      | Noticed a six-headed hydra
  7464 | D:8      | Reached skill level 13 in Axes
  8530 | D:8      | Found a shadowy altar of Dithmenos.
  8553 | D:8      | Noticed a two-headed ogre
  8559 | D:8      | Killed a two-headed ogre
  8559 | D:8      | Reached XP level 11. HP: 66/95 MP: 6/10
  8810 | D:9      | Reached **** piety under Okawaru
  8823 | D:9      | Noticed a two-headed ogre
  8826 | D:9      | Found a sparkling altar of Nemelex Xobeh.
  8837 | D:9      | Killed a two-headed ogre
  8928 | D:9      | Found a deep blue altar of Sif Muna.
  8930 | D:9      | Found an iron altar of Okawaru.
  8932 | D:9      | Found a blossoming altar of Fedhas.
  9315 | D:9      | Found Sogiapad's Magic Scroll Shop.
  9349 | D:9      | Found a shattered altar of Ashenzari.
  9358 | D:9      | Found a sparkling altar of Nemelex Xobeh.
  9653 | D:9      | Found a staircase to the Orcish Mines.
  9727 | D:9      | Reached ***** piety under Okawaru
 10166 | D:10     | Entered Level 10 of the Dungeon
 10186 | D:10     | Reached skill level 14 in Axes
 10564 | D:10     | Received a gift from Okawaru
 10732 | D:11     | Found Ganoor's Distillery.
 10732 | D:11     | Noticed a brown ugly thing
 10754 | D:11     | Killed a brown ugly thing
 10771 | D:11     | Gained mutation: You passively map a small area around you. [mutagenic meat]
 10772 | D:11     | Gained mutation: You are frail. (-10% HP) [mutagenic meat]
 10773 | D:11     | Gained mutation: Your spells are a little harder to cast, but a little more powerful. [mutagenic meat]
 10774 | D:11     | Gained mutation: You have large cloven feet. [mutagenic meat]
 10775 | D:11     | Gained mutation: You are dopey. (Int -2) [mutagenic meat]
 10776 | D:11     | Lost mutation: You are frail. (-10% HP) [mutagenic meat]
 10777 | D:11     | Gained mutation: Scrolls take you a little longer to read. [mutagenic meat]
 10778 | D:11     | Gained mutation: Your spells are harder to cast, but more powerful. [mutagenic meat]
 10779 | D:11     | Gained mutation: You are robust. (+10% HP) [mutagenic meat]
 11028 | D:11     | Found a deep blue altar of Sif Muna.
 11191 | D:11     | Found a staircase to the Lair.
 11316 | D:12     | Noticed a wolf spider
 11328 | D:12     | Killed a wolf spider
 11661 | D:12     | Noticed a green ugly thing
 11675 | D:12     | Killed a green ugly thing
 11675 | D:12     | Received a gift from Okawaru
 11682 | D:12     | Gained mutation: Your system is resistant to poisons. (rPois) [mutagenic meat]
 11683 | D:12     | Lost mutation: You are dopey. (Int -2) [mutagenic meat]
 11685 | D:12     | Gained mutation: Your magical capacity is low. (-10% MP) [mutagenic meat]
 11720 | D:12     | Noticed a two-headed ogre
 11728 | D:12     | Killed a two-headed ogre
 11752 | D:12     | Noticed Azrael
 11753 | D:12     | Noticed a two-headed ogre
 11763 | D:12     | Killed a two-headed ogre
 11764 | D:12     | Reached XP level 12. HP: 78/116 MP: 4/9
 11771 | D:12     | Killed Azrael
 11935 | D:12     | Reached skill level 10 in Fighting
 11938 | D:12     | Found a glowing golden altar of the Shining One.
 12360 | D:12     | Reached skill level 10 in Shields
 12464 | D:13     | Reached skill level 15 in Axes
 12575 | D:13     | Noticed a two-headed ogre
 12584 | D:13     | Killed a two-headed ogre
 12688 | D:13     | Noticed a catoblepas
 12710 | D:13     | Killed a catoblepas
 12876 | D:13     | Noticed a two-headed ogre
 12882 | D:13     | Killed a two-headed ogre
 12882 | D:13     | Reached skill level 10 in Armour
 12947 | D:13     | Noticed a two-headed ogre
 12953 | D:13     | Killed a two-headed ogre
 13129 | D:13     | Found a gate to the Vaults.
 13129 | D:13     | Noticed a vault guard
 13156 | D:13     | Reached ****** piety under Okawaru
 13157 | D:13     | Killed a vault guard
 13171 | D:13     | HP: 3/177 [acid (8)]
 13176 | D:13     | HP: 7/177 [acid dragon (7)]
 13965 | D:14     | Noticed a centaur warrior
 13975 | D:14     | Killed a centaur warrior
 13975 | D:14     | Received a gift from Okawaru
 14066 | D:14     | Noticed a centaur warrior
 14079 | D:14     | Killed a centaur warrior
 14079 | D:14     | Reached skill level 16 in Axes
 14136 | D:14     | Noticed a centaur warrior
 14150 | D:14     | Killed a centaur warrior
 14150 | D:14     | Reached XP level 13. HP: 123/127 MP: 10/10
 14235 | D:14     | Found a labyrinth entrance.
 14242 | Lab      | Entered a labyrinth
 15193 | Lab      | Noticed a minotaur
 15202 | Lab      | Killed a minotaur
 15212 | Lab      | Got a steaming flail
 15213 | Lab      | Identified the +4 flail of the Wilderness {drain, Stlth+} (You found it in a labyrinth)
 15501 | Orc:1    | Entered Level 1 of the Orcish Mines
 15559 | Orc:1    | Noticed a stone giant
 15573 | Orc:1    | Killed a stone giant
 15809 | Orc:1    | Received a gift from Okawaru
 15832 | Orc:1    | Identified a +0 pair of boots of running (Okawaru gifted it to you on level 1 of the Orcish Mines)
 16106 | Orc:1    | Noticed Gastronok
 16151 | Orc:1    | Killed Gastronok
 16151 | Orc:1    | Reached skill level 10 in Dodging
 16483 | Orc:1    | Identified a scroll of acquirement
 16542 | Orc:2    | Entered Level 2 of the Orcish Mines
 16551 | Orc:2    | Found a roughly hewn altar of Beogh.
 16742 | Orc:2    | Noticed Saint Roka
 16744 | Orc:2    | Noticed Josephine
 16760 | Orc:2    | Found a staircase to the Elven Halls.
 17293 | Orc:2    | Killed Saint Roka
 17293 | Orc:2    | Reached skill level 17 in Axes
 18290 | Orc:2    | Killed Josephine
 18314 | Orc:2    | HP: 6/129 [orc warrior/dire flail of protection (5)]
 18316 | Orc:2    | Reached XP level 14. HP: 15/138 MP: 2/11
 18487 | Orc:2    | HP: 1/138 [sixfirhy[an orc high priest] (8)]
 18490 | Orc:2    | Mangled by a sixfirhy

Skill      XL: |  1  2  3  4  5  6  7  8  9 10 11 12 13 |
---------------+----------------------------------------+-----
Axes           | 3 4 5 6 7 9 10 12 13 14 16 17 | 17.3
Fighting       | 4 5 7 8 9 11 12 | 12.1
Armour         | 4 5 7 8 9 10 11 | 11.7
Dodging        | 2 4 5 6 8 9 10 | 10.5
Shields        | 4 5 7 8 9 11 12 | 12.0

Action                   |  1- 3 |  4- 6 |  7- 9 | 10-12 | 13-15 || total
-------------------------+-------+-------+-------+-------+-------++-------
Melee: War axe           |    70 |   197 |   291 |   768 |   150 ||  1476
       Headbutt          |    11 |    26 |    51 |   179 |   109 ||   376
       Broad axe         |       |       |       |       |   227 ||   227
Invok: Heroism           |       |       |     2 |     9 |     4 ||    15
Evoke: Wand              |       |       |       |       |     2 ||     2
  Use: Scroll            |       |     6 |     2 |    10 |     6 ||    24
       Potion            |       |       |     1 |     4 |     4 ||     9
  Eat: Chunk             |       |     7 |     9 |    38 |     6 ||    60
       Royal jelly       |       |       |       |     1 |       ||     1
       Bread ration      |       |       |       |     1 |     2 ||     3
Armor: Scale mail        |    40 |    69 |    59 |   240 |    88 ||   496
       Skin              |       |       |       |     3 |       ||     3
Dodge: Dodged            |    37 |    57 |    75 |   341 |   120 ||   630
Block: Shield            |    37 |    93 |   116 |   459 |   183 ||   888
